 Dungeon Crawl Stone Soup version 0.23-a0-336-g43d87f4c55 (webtiles) character file.

1 Nesh the Sneak (level 1, -1/9 HPs)
             Began as a Spriggan Enchanter on Oct 18, 2018.
             Slain by a kobold
             ... wielding a +0 whip
              (7 damage)
             ... on level 1 of the Dungeon.
             The game lasted 00:00:34 (42 turns).

Nesh the Sneak (Spriggan Enchanter)                   Turns: 42, Time: 00:00:34

Health: -1/9       AC:  2    Str:  4    XL:     1   Next: 16%
Magic:  4/5        EV: 18    Int: 16    God:
Gold:   0          SH:  0    Dex: 16    Spells: 4/5 levels left

rFire    . . .     SeeInvis +   a - +1 dagger
rCold    . . .     Gourm    .   (shield restricted)
rNeg     . . .     Faith    .   b - +0 robe
rPois    .         Spirit   .   (helmet restricted)
rElec    .         Reflect  .   (no cloak)
rCorr    .         Harm     .   (gloves unavailable)
MR       .....                  (boots unavailable)
Stlth    +++.......             (no amulet)
HPRegen  0.03/turn              (no ring)
MPRegen  0.09/turn              (no ring)

@: very quick
A: very small, unfitting armour, see invisible, herbivore, speed 3, slow
metabolism 2
a: no special abilities


You were on level 1 of the Dungeon.
You were not hungry.

You visited 1 branch of the dungeon, and saw 1 of its levels.

Inventory:

Hand Weapons
 a - a +1 dagger (weapon)
Armour
 b - a +0 robe (worn)
Potions
 e - a potion of curing {unknown}
Comestibles
 d - a ration


   Skills:
 - Level 1.1 Short Blades
 - Level 3.0 Dodging
 - Level 4.4 Stealth
 + Level 2.7 Spellcasting
 + Level 3.7 Hexes


You had 4 spell levels left.
You knew the following spells:

 Your Spells              Type           Power        Failure   Level  Hunger
a - Corona                Hex            ##.....      4%          1    #......

Your spell library contained the following spells:

 Spells                   Type           Power        Failure   Level  Hunger
 Confuse                  Hex            ##......     13%         3    ###....
 Tukima's Dance           Hex            ##......     13%         3    ###....
 Ensorcelled Hibernation  Hex/Ice        #.....       14%         2    ##.....
 Dazzling Spray           Conj/Hex       #.....       26%         3    ###....


Dungeon Overview and Level Annotations

Branches:
Dungeon (1/15)

Altars:


Innate Abilities, Weirdness & Mutations

You are very small and have problems with some larger weapons.
You are too small for most types of armour.
You have supernaturally acute eyesight. (SInv)
You are a herbivore.
You cover ground extremely quickly.
You need to consume almost no food.


Message History

Found 5 gold pieces.
Found a stone staircase leading down.
You see here a stone.
You barely miss the frilled lizard.
A bat comes into view.
The frilled lizard completely misses you.
The bat moves out of view.
You closely miss the frilled lizard. The frilled lizard barely misses you.
A kobold comes into view.
The frilled lizard misses you.
You hit the frilled lizard.
You kill the frilled lizard!
The kobold closely misses you.
Casting: Corona (safe; 4% risk of failure)
Confirm with . or Enter, or press ? or * to list all spells.
Aiming: Corona (safe; 4% risk of failure)
Press: ? - help, Shift-Dir - straight line, f - kobold
Aim: a kobold, wielding a +0 whip (chance to defeat MR: 68%)
The kobold is outlined in light.
The kobold hits you with a +0 whip!
Ouch! That really hurt!
You die...

,,,,,,,,,,#......#.#'#.##.#.####.
****,,,,,,,,#....#............#*,
,,,,,,,,.$,,#...........#...#....
,,,,,,,,...,+....##.....#.#######
****,,,,....##...#......#..,,,,,,
* *,,,,.........#.#......##*****
****,,,,.#####...#.........,,,,,,
,,**,,,,,#####.K(###.####.#******
,,,,,,,,,.......@..#+#*,...*
,,,,,,***#####...#......,,,*
,,,,,,,,,,,............>,,,*
,,*+**,***####.#.#......,,,*
,,,,,*,,,,,,,#.#........,,,******
,,,,,*,,****,#.#.#,.....,,,,,,,,*
,,,,,**,*,,,,.....,#....,,,,,,,,,
*,,,,**,,,**,#,#.#**.##,,,,,,,,,*
*,,,,**,,,**,*,*,*,,,,,,,,,,,****


You could see a kobold.

Vanquished Creatures
  A frilled lizard (D:1)
  A rat (D:1)
2 creatures vanquished.

Notes
Turn   | Place    | Note
-------+----------+-------------------------------------------
     0 | D:1      | Nesh the Spriggan Enchanter began the quest for the Orb.
     0 | D:1      | Reached XP level 1. HP: 9/9 MP: 5/5
    42 | D:1      | Slain by a kobold

Vault maps used:
D:1:      saegor_arrival_simple_b

Action                   || total
-------------------------++-------
Melee: Dagger            ||     7
 Cast: Corona            ||     1
  Use: Scroll            ||     1
 Stab: Sleeping          ||     1
Dodge: Dodged            ||     7

Table legend:
 A = Non-vault XP
 B = Vault XP
 C = Vault XP percentage of total XP
 D = Non-vault monster count
 E = Vault monster count
 F = Vault count percentage of total count
                 A         B        C        D         E       F
            +---------+---------+-------+---------+---------+-------
      Total |       2 |       0 |   0.0 |       2 |       0 |   0.0
            +---------+---------+-------+---------+---------+-------
        D:1 |       2 |       0 |   0.0 |       2 |       0 |   0.0
            +---------+---------+-------+---------+---------+-------
